 Dungeon Crawl Stone Soup version 0.28-a0-1395-g4f6bc678fa (webtiles) character file.

Game seed: 7803675547996184937

170 Lekart the Slasher (level 5, -3/47 HPs)
             Began as a Draconian Chaos Knight on Jan 4, 2022.
             Was a Plaything of Xom.
             Slain by an orc wizard (4 damage)
             ... on level 3 of the Dungeon.
             The game lasted 00:02:23 (2261 turns).

Lekart the Slasher (Draconian Chaos Knight)         Turns: 2261, Time: 00:02:24

Health: -3/47      AC:  5    Str: 14 (15) XL:     5   Next: 25%
Magic:  5/5        EV: 12    Int:  9 (12) God:    Xom [....*.]
Gold:   72         SH:  0    Dex: 11 (12) Spells: 4/4 levels left

rFire   . . .      SeeInvis .   a - +0 falchion (chaos)
rCold   . . .      Faith    .   (no shield)
rNeg    . . .      Spirit   .   (armour unavailable)
rPois   .          Reflect  .   (helmet restricted)
rElec   .          Harm     .   (no cloak)
rCorr   .          Rampage  .   (no gloves)
Will    .....                   (no boots)
Stlth   +.........              (no amulet)
HPRegen 0.15/turn               (no ring)
MPRegen 0.09/turn               (no ring)

@: confused, attractive
A: AC +5, unfitting armour, cold-blooded
a: Renounce Religion


You were on level 3 of the Dungeon.
You worshipped Xom.
You were a beloved toy of Xom.
You visited 1 branch of the dungeon, and saw 3 of its levels.

You collected 72 gold pieces.

Inventory:

Hand Weapons
 a - a +0 falchion of chaos (weapon)
Wands
 c - a wand of mindburst (9)
Scrolls
 b - a scroll of identify {unknown}
 e - a scroll of fear {unknown}
 g - a scroll of summoning {unknown}


   Skills:
 + Level 4.5 Fighting
 + Level 4.5 Long Blades
 + Level 2.9 Dodging
 + Level 0.9 Stealth


You had 4 spell levels left.
You didn't know any spells.
Your spell library contained the following spells:

 Spells                   Type           Power      Damage    Failure   Level
 Beastly Appendage        Tmut           0%         N/A       38%         1
 Blink                    Tloc           0%         N/A       52%         2
 Passwall                 Tmut/Erth      0%         N/A       52%         2
 Wereblood                Tmut           0%         N/A       52%         2
 Spider Form              Tmut/Pois      0%         N/A       77%         3
 Iskenderun's Mystic Bla  Conj/Tloc      0%         2d3       99%         4
 Malign Gateway           Summ/Tloc      0%         N/A       100%        7


Dungeon Overview and Level Annotations

Branches:
Dungeon (3/15)

Altars:
Xom


Innate Abilities, Weirdness & Mutations

Your plain brown scales are hard. (AC +5)
You cannot fit into any form of body armour.
You are cold-blooded and may be slowed by cold attacks.


Message History

* * * LOW HITPOINT WARNING * * *
The orc closely misses you. x2
A ball python comes into view.
You're too confused to move!
The orc barely misses you. The orc wizard casts a spell at you.
You resist with some effort. The orc hits you with a +0 war axe!
* * * LOW HITPOINT WARNING * * *
It was a potion of degeneration.
There was something very wrong with that liquid.
You feel weakened.
You feel dopey.
You feel clumsy.
Xom roars with laughter!
The orc wizard barely misses you. The orc hits you with a +0 club.
* * * LOW HITPOINT WARNING * * *
The orc wizard hits you but does no damage.
The orc completely misses you.
It was a potion of attraction.
You feel attractive to monsters. The orc hits you but does no damage.
The orc wizard completely misses you. The orc barely misses you.
The ball python is attracted toward you.
You are too confused!
You slash the orc!
You kill the orc!
You feel less confused.
The orc wizard hits you with a +1 dagger of electrocution.
You die... "That's my teddy bear, go get your own!"
Xom revives you! The orc barely misses you.
The orc wizard gestures at you while chanting.
You are confused.
You aren't carrying any potions.
Unknown command.
You bump into the rock wall.
The orc hits you with a +0 club.
* * * LOW HITPOINT WARNING * * *
The orc wizard barely misses you.
You bump into the rock wall.
The orc wizard hits you with a +1 dagger of electrocution.
You die...
Xom is highly amused!

.................. .....
#................. .....
#................. .....
#................. .....
#.....§....................
#....§§....................
#.....°§...................
#....§§..o)................
#.......So@................
##############..>.........#
..(.......)# ..?...[..)'
..........# ..........#
..........# .........?#
..........#


You could see an orc wizard (fast), an orc and a ball python.

Vanquished Creatures
  A wolf (D:2)
  A gnoll (D:1)
  2 adders
  4 dart slugs
  2 orcs (D:3)
  5 ball pythons
  6 endoplasms
  A giant cockroach (D:2)
  5 goblins
  2 hobgoblins (D:3)
  3 jackals (D:1)
  A quokka (D:1)
  A bat (D:1)
  3 frilled lizards
  5 kobolds
  5 rats
47 creatures vanquished.

Vanquished Creatures (others)
  13 plants (D:1)
13 creatures vanquished.

Grand Total: 60 creatures vanquished

Notes
Turn   | Place    | Note
-------+----------+-------------------------------------------
     0 | D:1      | Lekart the Draconian Chaos Knight began the quest for the
                  | Orb.
     0 | D:1      | Reached XP level 1. HP: 19/19 MP: 1/1
    37 | D:1      | XOM: butterfly on damage
    66 | D:1      | XOM: silly message
    82 | D:1      | XOM: silly message
   285 | D:1      | XOM: silly message
   399 | D:1      | Found a faded altar of an unknown god.
   481 | D:1      | Reached XP level 2. HP: 19/26 MP: 2/2
   509 | D:1      | XOM: 3-stop teleportation journey
   678 | D:1      | XOM: scenery: create altars
   746 | D:1      | XOM: god gift: wand of mindburst (9)
   817 | D:1      | XOM: fake destruction
   870 | D:1      | Reached XP level 3. HP: 33/33 MP: 3/3
   875 | D:1      | Got the Tome of Analysis
  1427 | D:2      | XOM: scenery: create altars
  1484 | D:2      | Noticed a wolf
  1484 | D:2      | a worm changed into a wolf
  1484 | D:2      | XOM: polymorph worm -> wolf
  1496 | D:2      | Killed a wolf
  1497 | D:2      | Reached XP level 4. HP: 20/41 MP: 4/4
  1497 | D:2      | Reached XP level 5. HP: 23/47 MP: 5/5
  1734 | D:2      | XOM: god gift: rapier {god gift}
  2222 | D:3      | XOM: 1-stop teleportation journey
  2247 | D:3      | XOM: 3-stop teleportation journey
  2249 | D:3      | XOM: smoke on damage
  2257 | D:3      | HP: 1/47 [orc (3)]
  2259 | D:3      | Xom revived you
  2261 | D:3      | Slain by an orc wizard

Illustrated notes

Levels and vault maps discovered:
D:1:      roderic_crop_circles_arrival_small, layout_rooms,
          dreamdust_ecumenical_altar_hidden_monk_grotto
D:2:      layout_loops_ring
D:3:      layout_basic

Skill      XL: |  1  2  3 |
---------------+----------+-----
Fighting       | 4 |  4.5
Long Blades    | 4 |  4.5
Dodging        | |  2.9
Stealth        | |  0.9

Action                   |  1- 3 |  4- 6 || total
-------------------------+-------+-------++-------
Melee: Falchion          |    99 |    30 ||   129
       Tailslap          |     9 |     7 ||    16
  Use: Potion            |       |     2 ||     2
 Stab: Sleeping          |     1 |       ||     1
Armor: Skin              |    38 |    11 ||    49
Dodge: Dodged            |    76 |    25 ||   101

Table legend: (Time is in decaauts)
 A = Elapsed time spent in this place.
 B = Non-inter-level travel time spent in this place.
 C = Inter-level travel time spent in this place.
 D = Time resting spent in this place.
 E = Time spent auto-exploring this place.
 F = Levels seen in this place.
 G = Mean time per level.
                   A        B        C        D        E       F      G
               +--------+--------+--------+--------+--------+-----+--------+
         Total |   2276 |   2207 |     69 |    300 |   1586 |   3 |  758.7 |
       Dungeon |   2276 |   2207 |     69 |    300 |   1586 |   3 |  758.7 |
               +--------+--------+--------+--------+--------+-----+--------+

Top non-repeatable levels by time:
     D:1: 1035 daAuts
     D:2: 932 daAuts
     D:3: 307 daAuts
